Description

WCS VALENCIA QUARTERFINALS - PERSONAL USE

Replay - 16-Bit LE

Build Order

Get SALT Encoding   

  12  0:01  SCV  
  13  0:13  SCV  
  14  0:18  Supply Depot  
  14  0:25  SCV  
  14  0:28  Refinery  
  15  0:39  SCV  
  16  0:45  Barracks  
  16  0:52  SCV  
  17  1:04  SCV  
  18  1:16  SCV  
  19  1:32  Reaper, Orbital Command  
  20  1:49  Command Center  
  20  1:58  SCV  
  21  2:05  Factory  
  21  2:06  Reaper  
  22  2:10  Refinery  
  22  2:17  Supply Depot  
  22  2:20  SCV  
  23  2:39  SCV  
  24  2:48  Cyclone  
  24  2:50  Barracks Reactor  
  28  3:01  Orbital Command  
  29  3:31  Cyclone x2  
  37  3:36  Supply Depot  
  38  3:49  Supply Depot  
  39  4:03  Cyclone  
  39  4:05  Cyclone  
  47  4:12  Refinery x2  
  54  4:40  Command Center  
  54  4:44  Cyclone  
  53  4:50  Cyclone  
  57  4:57  Engineering Bay  
  58  5:06  Barracks Tech Lab  
  58  5:09  Factory  
  58  5:13  Supply Depot  
  62  5:29  Starport  
  62  5:33  Missile Turret  
  62  5:34  Barracks Reactor  
  65  5:51  Hellion x2  
  72  6:05  Siege Tank  
  75  6:16  Medivac  
  75  6:17  Medivac  
  81  6:23  Orbital Command  
  82  6:31  Missile Turret  
  85  6:41  Siege Tank  
  85  6:43  Hellion  
  85  6:45  Hellion  
  92  6:50  Missile Turret  
  93  7:00  Armory  
  92  7:01  Armory  
  92  7:05  Viking  
  94  7:08  Viking  
  94  7:14  Hellion  
  100  7:18  Hellion  
  102  7:23  Siege Tank  
  108  7:37  Factory  
  108  7:38  Factory  
  108  7:39  Refinery, Factory  
  108  7:40  Refinery  
  108  7:42  Viking  
  111  7:47  Viking  
  114  7:54  Terran Vehicle Weapons Level 1, Terran Vehicle And Ship Armor Level 1  
  114  7:57  Hellion  
  120  8:05  Hellion  
  120  8:07  Siege Tank  
  124  8:17  Medivac x2  
  128  8:25  Hellion  
  130  8:28  Factory Tech Lab x2, Factory Reactor  
  130  8:33  Hellion  
  132  8:39  Siege Tank  
  135  8:47  Medivac x2  
  139  8:48  Siege Tank  
  144  9:02  Siege Tank  
  149  9:04  Missile Turret  
  149  9:07  Missile Turret  
  151  9:17  Viking x2  
  167  9:39  Sensor Tower  
  171  9:54  Terran Vehicle Weapons Level 2  
  171  9:56  Siege Tank  
  171  9:57  Terran Vehicle And Ship Armor Level 2  
  171  9:58  Siege Tank  
Spawning Tool Build Advisor. Get it on Overwolf

Go to:

Details

  • Created by: SpaceMarine
  • Published on: Jul 23, 2018
  • Modified on: Jul 23, 2018
  • Patch: 4.0.0
Show
View Real Time Build Order
Export as new Build Order

Comments (0)

There are no comments. Be the first!

Create an account to comment!